 Dungeon Crawl Stone Soup version 0.30.1-11-g7821555f0a (webtiles) character file.

Game seed: 2489550172852778514

421 RancidPinata the Trooper (level 6, -2/40 HPs)
             Began as a Gargoyle Gladiator on Nov 20, 2023.
             Shot with an arrow by a centaur (11 damage)
             ... on level 4 of the Dungeon.
             The game lasted 00:09:45 (3095 turns).

RancidPinata the Trooper (Gargoyle Gladiator)       Turns: 3095, Time: 00:09:45

Health: -2/40      AC:  9    Str: 19    XL:     6   Next: 94%
Magic:  6/6        EV: 12    Int:  9    God:
Gold:   167        SH:  0    Dex: 11    Spells: 5/5 levels left

rFire   . . .        n - +1 club (spect)
rCold   . . .        (no shield)
rNeg    + + .        p - +2 robe {rN+}
rPois   ∞            c - +0 helmet
rElec   +            (no cloak)
rCorr   .            (no gloves)
SInv    .            (no boots)
Will    .....        (no amulet)
Stlth   +            (no ring)
HPRegen 0.26/turn    (no ring)
MPRegen 0.10/turn

%: no passive effects
@: flying
A: sickness immunity, AC +4, negative energy resistance 1, electricity
resistance, torment resistance 1, petrification resistance
a: no special abilities


You were on level 4 of the Dungeon.
You visited 1 branch of the dungeon, and saw 4 of its levels.

You collected 167 gold pieces.

Inventory:

Hand Weapons
 h - a +0 trident of venom
 m - a +3 hand axe
 n - a +1 spectral club (weapon)
Missiles
 d - a throwing net (quivered)
 e - a javelin
 f - 42 stones
 g - 10 poisoned darts
Armour
 c - a +0 helmet (worn)
 p - a +2 robe of positive energy (worn)
Jewellery
 q - a ring of fire
Scrolls
 a - a scroll of poison {unknown}
 b - a scroll of noise {unknown}
 j - 2 scrolls of identify {unknown}
 r - a scroll of magic mapping {unknown}
 v - 3 scrolls of immolation {unknown}
 w - 2 scrolls of enchant weapon {unknown}
 x - a scroll of teleportation {unknown}
Potions
 i - a potion of berserk rage {unknown}
 k - a potion of lignification {unknown}
 l - a potion of curing
 o - 2 potions of flight
 s - a potion of might {unknown}
 t - a potion of heal wounds {unknown}
 u - a potion of degeneration {unknown}
 z - a potion of cancellation {unknown}
 A - a potion of magic {unknown}


   Skills:
 * Level 5.2 Fighting
 - Level 0.2(2.4) Axes
 + Level 4.2(4.3) Maces & Flails
 - Level 0.4(0.5) Polearms
 + Level 3.1 Throwing
 + Level 2.9 Armour
 - Level 2.4 Dodging


You had 5 spell levels left.
You didn't know any spells.
Your spell library was empty.

Dungeon Overview and Level Annotations

Branches:
Dungeon (4/15)
 Temple: D:4-7

Altars:
Vehumet
The Shining One


Innate Abilities, Weirdness & Mutations

You are immune to sickness and miasma.
Your stone body is resilient. (AC +4)
You are immune to poison.
You resist negative energy. (rN+)
You are resistant to electric shocks. (rElec)
You are resistant to unholy torment.
You are immune to petrification.


Message History

The centaur barely misses you.
The centaur kicks you but does no damage.
The orc moves out of view.
You hit the centaur but do no damage.
Your +1 spectral club hits the centaur but does no damage.
The centaur misses you.
The centaur kicks you but does no damage.
The centaur hits you.
The centaur kicks you but does no damage.
You barely miss the centaur.
Your +1 spectral club barely misses the centaur.
The centaur hits you.
* * * LOW HITPOINT WARNING * * *
The centaur kicks you but does no damage.
An orc wizard comes into view.
It is wielding a +1 dagger of protection.
The centaur hits you but does no damage.
The centaur kicks you.
* * * LOW HITPOINT WARNING * * *
You hit the centaur.
The centaur is lightly wounded.
Your +1 spectral club hits the centaur.
The centaur barely misses you.
The centaur kicks you but does no damage.
It was a potion of flight.
You feel very buoyant.
You fly up into the air.
Your +1 spectral club disappears.
The centaur hits you.
* * * LOW HITPOINT WARNING * * *
The centaur kicks you.
* * * LOW HITPOINT WARNING * * *
The centaur completely misses you.
The centaur kicks you but does no damage.
It was a potion of curing.
You feel better. The centaur closely misses you. x2
An orc wizard comes into view. It is wielding a +1 dagger of venom.
The centaur wields a +0 shortbow.
The centaur shoots an arrow.
The arrow hits you!
* * * LOW HITPOINT WARNING * * *
You hear a shout!
The centaur shoots an arrow.
The arrow hits you!
You die...

.. ...
.... .....
####o.....
#.cKo.....
#.##..c...
#.# ##.##
... .. #@#
.. .. #.#
# ..#. #.#
.## ...
#.# ...###
..# #.#
.....###.#
#.#
##.....#)#
#.#
...#.w...#
#..
#.....#.##


You could see a centaur.

Vanquished Creatures
  Sigmund (D:2)
  An orc priest (D:3)
  A hound (D:3)
  Ijyb (D:3)
  Terence (D:2)
  5 adders
  5 dart slugs
  A worm (D:2)
  8 orcs
  8 ball pythons
  7 endoplasms
  4 giant cockroaches
  7 hobgoblins
  3 quokkas
  7 bats
  5 frilled lizards
  7 goblins
  6 kobolds
  4 rats
82 creatures vanquished.

Notes
Turn   | Place    | Note
-------+----------+-------------------------------------------
     0 | D:1      | RancidPinata the Gargoyle Gladiator began the quest for the
                  | Orb.
     0 | D:1      | Reached XP level 1. HP: 12/12 MP: 1/1
   120 | D:2      | Noticed Sigmund
   138 | D:3      | Reached XP level 2. HP: 18/18 MP: 2/2
   160 | D:3      | Reached skill level 3 in Fighting
   160 | D:3      | Reached skill level 1 in Armour
   160 | D:3      | Reached XP level 3. HP: 6/23 MP: 3/3
   314 | D:3      | Found a glowing golden altar of the Shining One.
   494 | D:4      | Noticed an ogre
   521 | D:3      | Reached XP level 4. HP: 13/28 MP: 4/4
   947 | D:3      | Noticed Ijyb
   971 | D:3      | Killed Ijyb
   972 | D:3      | Reached XP level 5. HP: 19/33 MP: 5/5
  1127 | D:3      | Reached skill level 4 in Fighting
  1190 | D:3      | Found a faded altar of an unknown god.
  1589 | D:2      | Killed Sigmund
  1590 | D:2      | Reached XP level 6. HP: 21/40 MP: 6/6
  1781 | D:2      | Found a radiant altar of Vehumet.
  1876 | D:2      | Reached skill level 5 in Fighting
  2044 | D:2      | Noticed Terence
  2062 | D:2      | Killed Terence
  3095 | D:4      | Shot with an arrow by a centaur

Illustrated notes

Levels and vault maps discovered:
D:1:      dpeg_arrival_pond, layout_loops_cross
D:2:      layout_rooms, basic_altar, uniq_sigmund, uniq_terence
D:3:      layout_basic, mainiacjoe_overflow_surrounded_room,
          basic_ecumenical_altar, uniq_ijyb
D:4:      minmay_skewed_foursquare, layout_loops_ring, minitemple

Skill      XL: |  1  2  3  4  5  6 |
---------------+-------------------+-----
Throwing       | 2 3 |  3.1
Fighting       | 3 4 5 |  5.2
Armour         | 1 2 |  2.9
Maces & Flails | 4 |  4.2
Axes           | |  0.2
Polearms       | |  0.4
Dodging        | |  2.4

Action                     |  1- 3 |  4- 6 || total
---------------------------+-------+-------++-------
  Melee: Flail             |    20 |       ||    20
         Punch             |     1 |     2 ||     3
         Trident           |    15 |    16 ||    31
         Hand axe          |       |    27 ||    27
         Club              |       |   176 ||   176
  Throw: Throwing net      |       |     3 ||     3
    Use: Potion            |       |     2 ||     2
   Stab: Sleeping          |       |     2 ||     2
 Armour: Leather armour    |    22 |    26 ||    48
         Robe              |       |    58 ||    58
  Dodge: Dodged            |    32 |   123 ||   155
